AoeStats
← TIMVP

Black Forest

508549053Analyzed
2v2 RM · 9d ago on Sep 23, 2026· 51m 48s· 4 players
Game mode
Random Map
Map size
Medium (4 player)
Population
200
Speed
Normal
Resources
Standard
Victory
Conquest
Starting age
Dark Age
Ending age
Imperial Age
RankedLock teamsTeams togetherTeam positionsShared explorationLock speedFull tech treeHidden civsTurbo modeCheats
Victory
Defeat
🇵🇪 Romans · Peru
734
+15
🇵🇪 Celts · Peru
722
+16
🇺🇸 Byzantines · United States
719
-16
🇺🇸 Persians · United States
706
-15
AZULA
0:27 Loom
16:31 Feudal Age
27:45 Castle Age
32:34 Imperial Age
30:46 Double-Bit Axe
32:10 Fortified Wall
36:05 Conscription
38:51 Wheelbarrow
39:35 Conscription
40:19 Chemistry
42:35 Hand Cart
Matthias9
0:30 Loom
18:53 Feudal Age
19:22 Town Watch
20:13 Wheelbarrow
19:20 Horse Collar
19:27 Double-Bit Axe
19:34 Stone Mining
19:37 Gold Mining
32:10 Castle Age
33:22 Bloodlines
33:32 Heavy Plow
33:43 Bow Saw
34:09 Gold Shaft Mining
34:10 Stone Shaft Mining
33:43 Husbandry
34:03 Caravan
34:33 Coinage
34:14 Town Patrol
35:20 Hand Cart
42:16 Imperial Age
41:02 Ballistics
40:38 Murder Holes
40:54 Masonry
40:46 Devotion
42:37 Kamandaran
45:08 Chemistry
44:39 Architecture
45:34 Onager
45:41 Elite War Elephant
49:43 Two-Man Saw
49:15 Crop Rotation
49:06 Forging
48:58 Scale Mail Armor
49:04 Scale Barding Armor
48:50 Fletching
49:01 Padded Archer Armor
49:07 Elite War Elephant
50:09 Conscription
49:59 Citadels
50:25 Hoardings
50:30 Iron Casting
50:16 Chain Barding Armor
49:31 Heavy Camel Rider
A†ilA
0:36 Loom
12:31 Feudal Age
14:30 Wheelbarrow
15:19 Double-Bit Axe
16:17 Fishing Lines
25:53 Castle Age
26:44 Bow Saw
26:31 Gillnets
30:37 Imperial Age
28:46 Forging
28:37 Scale Mail Armor
35:06 Iron Casting
34:46 Chain Mail Armor
35:04 Hand Cart
37:25 Ballistics
39:17 Chemistry
38:28 Siege Engineers
39:19 Conscription
39:09 Capped Ram
40:24 Siege Ram
43:50 Furor Celtica
45:27 Elite Woad Raider
47:40 Stronghold
50:44 Blast Furnace
50:00 Chain Mail Armor
TIMVP
0:33 Loom
14:37 Feudal Age
15:10 Double-Bit Axe
16:19 Wheelbarrow
19:10 Gold Mining
23:57 Castle Age
22:31 Scale Mail Armor
22:40 Horse Collar
22:32 Man-at-Arms
23:28 Forging
24:31 Long Swordsman
27:39 Heavy Plow
34:37 Imperial Age
33:40 Ballistas
34:00 Bow Saw
35:45 Heavy Scorpion
37:33 Capped Ram
38:57 Ballistics
39:37 Chemistry
39:50 Siege Ram
43:52 Chain Mail Armor
44:14 Iron Casting
45:15 Legionary
49:46 Blast Furnace
48:23 Elite Centurion
Connection lost

Rejoining the realm…

Still unreachable

The connection could not be restored.

Session expired

The server has moved on; the page needs a fresh start.